 Dungeon Crawl Stone Soup version 0.18.1-48-g4cf74bf (webtiles) character file.

298 Inkary the Skirmisher (level 6, 0/56 HPs)
             Began as a Minotaur Fighter on Aug 30, 2016.
             Was an Initiate of Okawaru.
             Slain by a rat (3 damage)
             ... summoned by Eustachio
             ... on level 4 of the Dungeon.
             The game lasted 00:03:34 (2401 turns).

Inkary the Skirmisher (Minotaur Fighter)            Turns: 2401, Time: 00:03:35

Health: 0/56       AC:  7    Str: 20    XL:     6   Next: 13%
Magic:  5/5        EV:  7    Int:  5    God:    Okawaru [......]
Gold:   117        SH: 10    Dex: 12    Spells: 0 memorised, 5 levels left

rFire  . . .     SeeInvis .     a - +0 flail
rCold  . . .     Gourm    .     b - +0 scale mail
rNeg   + . .     Faith    +     c - +0 shield
rPois  .         Spirit   .     (helmet restricted)
rElec  .         Dismiss  .     (no cloak)
rCorr  .         Reflect  .     (no gloves)
SustAt +         Harm     .     (no boots)
MR     .....                    e - amulet of faith
Stlth  ..........               y - ring of sustain attributes (curse)
                                v - ring of positive energy

@: not resistant to hostile enchantments, extremely unstealthy
A: retaliatory headbutt, horns 2
a: Renounce Religion


You were on level 4 of the Dungeon.
You worshipped Okawaru.
Okawaru was noncommittal.
You were not hungry.

You visited 1 branch of the dungeon, and saw 4 of its levels.

You collected 117 gold pieces.

Inventory:

Hand Weapons
 a - a +0 flail (weapon)
Armour
 b - a +0 scale mail (worn)
 c - a +0 shield (worn)
Jewellery
 e - an amulet of faith (around neck)
 k - an uncursed ring of wizardry
 n - an uncursed ring of protection from fire
 v - a ring of positive energy (left hand)
 y - a cursed ring of sustain attributes (right hand)
Scrolls
 g - 5 scrolls of remove curse {unknown}
 h - 9 scrolls of identify {unknown}
 j - a scroll of fog {unknown}
 m - a scroll of recharging {unknown}
 o - 3 scrolls of teleportation {unknown}
 p - a scroll of magic mapping {unknown}
 t - 2 scrolls of immolation {unknown}
 u - a scroll of blinking {unknown}
 x - a scroll of enchant weapon {unknown}
 A - a scroll of noise {unknown}
Potions
 i - a potion of heal wounds {unknown}
 q - a potion of berserk rage {unknown}
 r - 2 potions of curing {unknown}
 s - a potion of degeneration {unknown}
 w - a potion of flight {unknown}
 z - a potion of mutation {unknown}
 B - a potion of brilliance {unknown}
Comestibles
 d - 11 chunks of flesh
 f - 4 bread rations
 l - a meat ration


   Skills:
 + Level 5.2 Fighting
 + Level 4.5 Maces & Flails
 + Level 5.2 Armour
 + Level 4.8 Shields


You had 5 spell levels left.
You didn't know any spells.

Dungeon Overview and Level Annotations

Branches:
Dungeon (4/15)
 Temple: D:4-7

Altars:
Nemelex Xobeh
Okawaru
Qazlal
Sif Muna
Zin

Annotations:
D:3 Inkary's ghost, amateur MiFi
D:4 Eustachio


Innate Abilities, Weirdness & Mutations

You reflexively headbutt those who attack you in melee.
You have a pair of horns on your head.


Message History

You block the river rat's attack. The rat bites you but does no damage.
The white imp gestures at you. The puff of frost hits you!
* * * LOW HITPOINT WARNING * * *
You block the ufetubus's attack. The ufetubus closely misses you.
Eustachio hits you with a rapier.
* * * LOW HITPOINT WARNING * * *
The white imp barely misses you. You furiously retaliate!
You headbutt the white imp, but do no damage.
The rat bites you but does no damage. The river rat barely misses you.
You furiously retaliate!
You headbutt the river rat! The ufetubus barely misses you.
You furiously retaliate!
You headbutt the ufetubus!
You kill the ufetubus!
You hit Eustachio.
Eustachio is almost dead.
Eustachio gestures wildly while chanting.
Eustachio blinks!
The river rat barely misses you. You furiously retaliate!
You headbutt the river rat. The rat bites you.
You die...

........
.......... ......
.......#### ...#
##'#....#...
###.###.........#
#......@........#
#.#)###.........#
.. #)#
#.........#
#######)#
#.(...5r..#
....<.#.#
#.....@r..#
#####.#.#
#....ยง....# #
#.#.# #.........#
# #.#.#
#.........# #
#.#.######.####.#
# #.#.#.......<
.# #
#.#.......... .#
# #.###........ #
#.....[......


You could see Eustachio, a river rat, a white imp and a rat.

Vanquished Creatures
  A phantom (D:4)
  An ogre (D:4)
  A worker ant (D:4)
  A howler monkey skeleton (D:4)
  2 adders (D:2)
  An ooze (D:2)
  An adder skeleton (D:4)
  2 worms
  A dart slug (D:3)
  A giant gecko (D:3)
  4 orcs
  5 giant cockroaches
  3 hobgoblins
  2 quokkas (D:2)
  8 bats
  4 giant newts
  7 goblins
  7 kobolds
  3 rats (D:1)
55 creatures vanquished.

Notes
Turn   | Place    | Note
--------------------------------------------------------------
     0 | D:1      | Inkary the Minotaur Fighter began the quest for the Orb.
     0 | D:1      | Reached XP level 1. HP: 19/19 MP: 0/0
   175 | D:1      | Reached XP level 2. HP: 27/27 MP: 1/1
   641 | D:2      | Found an iron altar of Okawaru.
   642 | D:2      | Found a glowing silver altar of Zin.
   653 | D:2      | Found a deep blue altar of Sif Muna.
   719 | D:2      | Reached XP level 3. HP: 33/33 MP: 2/2
   840 | D:2      | Found a sparkling altar of Nemelex Xobeh.
   959 | D:2      | Became a worshipper of Warmaster Okawaru
  1151 | D:3      | Noticed Inkary's ghost (amateur MiFi)
  1401 | D:3      | Found a stormy altar of Qazlal.
  1850 | D:3      | Reached XP level 4. HP: 40/41 MP: 3/3
  2327 | D:4      | Noticed Eustachio
  2328 | D:4      | Noticed an ogre
  2337 | D:4      | Noticed a phantom
  2338 | D:4      | Killed an ogre
  2338 | D:4      | Reached skill level 5 in Armour
  2338 | D:4      | Reached XP level 5. HP: 40/47 MP: 4/4
  2347 | D:4      | Reached skill level 5 in Fighting
  2369 | D:4      | Killed a phantom
  2369 | D:4      | Reached XP level 6. HP: 27/56 MP: 5/5
  2401 | D:4      | Slain by a rat

Skill      XL: |  1  2  3  4  5 |
---------------+----------------+-----
Fighting       | 4 5 |  5.2
Maces & Flails | 3 4 |  4.5
Armour         | 4 5 |  5.2
Shields        | 4 |  4.8

Action                   |  1- 3 |  4- 6 || total
-------------------------+-------+-------++-------
Melee: Flail             |   120 |    65 ||   185
       Headbutt          |    12 |    10 ||    22
  Use: Potion            |       |     1 ||     1
  Eat: Chunk             |     3 |     2 ||     5
Armor: Scale mail        |    59 |    31 ||    90
Dodge: Dodged            |    48 |    26 ||    74
Block: Shield            |    71 |    36 ||   107
